 Dungeon Crawl Stone Soup version 0.27.1-35-g4d5d836560 (webtiles) character file.

Game seed: 16764586527669589204

264 Delamore the Sneak (level 6, 0/40 HPs)
             Began as an Octopode Brigand on June 20, 2022.
             Slain by a bullfrog zombie (6 damage)
             ... on level 5 of the Dungeon.
             The game lasted 00:03:23 (3913 turns).

Delamore the Sneak (Octopode Brigand)               Turns: 3913, Time: 00:03:23

Health: 0/40       AC:  1    Str: 10    XL:     6   Next: 19%
Magic:  6/6        EV: 13    Int: 13    God:
Gold:   149        SH:  0    Dex: 16    Spells: 5/5 levels left

rFire    . . .     SeeInvis +   o - +3 mace (protect)
rCold    + . .     Faith    .   (no shield)
rNeg     . . .     Spirit   .   (helmet restricted)
rPois    .         Reflect  .   (no amulet)
rElec    .         Harm     .   h - ring "Nelee" {rC+ SInv}
rCorr    .         Rampage  .   (no ring)
Will     .....                  (no ring)
Stlth    ++++......             (no ring)
HPRegen  0.13/turn              (no ring)
MPRegen  0.10/turn              (no ring)
                                (no ring)
                                (no ring)

@: no status effects
A: almost no armour, amphibious, 8 rings, camouflage 1, gelatinous body 1,
(nimble swimmer 1), tentacles
a: no special abilities


You were on level 5 of the Dungeon.
You visited 1 branch of the dungeon, and saw 5 of its levels.

You collected 149 gold pieces.

Inventory:

Hand Weapons
 a - a +2 dagger
 i - a +1 hand axe of venom
 o - a +3 mace of protection (weapon)
Missiles
 b - 8 poisoned darts (quivered)
 c - 2 curare-tipped darts
 k - 74 stones
Jewellery
 h - the ring "Nelee" (left tentacle) {rC+ SInv}
   (You acquired it on level 3 of the Dungeon)

   [ring of see invisible]

   rC:        It protects you from cold.
   SInv:      It lets you see invisible.
Wands
 x - a wand of iceblast (8)
Scrolls
 d - 2 scrolls of enchant weapon
 e - a scroll of magic mapping
 p - a scroll of brand weapon
 r - a scroll of amnesia {unknown}
 t - a scroll of summoning {unknown}
 u - 3 scrolls of teleportation {unknown}
 w - 2 scrolls of enchant armour {unknown}
Potions
 g - a potion of haste {unknown}
 j - a potion of lignification {unknown}
 l - 4 potions of resistance
 m - 2 potions of curing {unknown}
 n - a potion of attraction {unknown}
 q - 3 potions of flight
 s - 2 potions of heal wounds {unknown}
 v - 2 potions of berserk rage {unknown}
 z - a potion of might {unknown}
 A - a potion of invisibility {unknown}
 B - a potion of mutation {unknown}


   Skills:
 - Level 2.3 Fighting
 - Level 3.1 Short Blades
 + Level 3.0 Maces & Flails
 + Level 4.3 Throwing
 - Level 1.5 Dodging
 - Level 5.3 Stealth


You had 5 spell levels left.
You didn't know any spells.
Your spell library contained the following spells:

 Spells                   Type           Power      Damage    Failure   Level
 Animate Skeleton         Necr           0%         N/A       30%         1
 Pain                     Necr           0%         1d4       30%         1
 Corpse Rot               Necr/Air       N/A        N/A       43%         2
 Poisonous Vapours        Pois/Air       0%         N/A       43%         2
 Tukima's Dance           Hex            0%         N/A       67%         3
 Vampiric Draining        Necr           0%         2d6       67%         3
 Passage of Golubria      Tloc           N/A        N/A       97%         4
 Freezing Cloud           Conj/Ice/Air   0%         6-21      100%        5
 Yara's Violent Unravell  Hex/Tmut       0%         3d3       100%        5


Dungeon Overview and Level Annotations

Branches:
Dungeon (5/15)
 Temple: D:4-7

Altars:


Innate Abilities, Weirdness & Mutations

You cannot wear most types of armour.
You are amphibious.
You can wear up to eight rings at the same time.
Your skin changes colour to match your surroundings (Stealth+).
Your rubbery body absorbs attacks. (AC +1, EV +1)
((You are camouflaged near water. (Stealth+)))
You have tentacles for arms and can constrict up to eight enemies at once.


Message History

Aim: a gnoll, wielding a +0 spear (66% to hit)
You throw a javelin. The javelin pierces through the gnoll.
You kill the gnoll!
The javelin pierces through the orc wizard!
The orc wizard is severely wounded.
The javelin pierces through the orc.
The orc is lightly wounded.
The javelin pierces through the gnoll!
The gnoll is heavily wounded.
The gnoll hits you with a +0 whip.
Throw: javelin
Press: ? - help, Q - select action, (/) - cycle Shift-Dir - straight line, f/p - gnoll
Aim: a gnoll, wielding a +0 spear (heavily wounded, 66% to hit)
You throw a javelin.
The javelin pierces through the orc wizard.
The orc wizard is almost dead.
The javelin barely misses the orc.
The javelin closely misses the gnoll.
The gnoll closely misses you. The orc wizard barely misses you.
You barely miss the orc wizard. Your grab misses the orc wizard.
The orc wizard is almost dead.
The gnoll barely misses you. The orc wizard closely misses you.
The gnoll misses you.
The orc wizard hits you with a +0 dagger.
You sock the orc wizard!
Your weapon exudes an aura of protection.
You kill the orc wizard!
The gnoll hits you with a +0 whip.
* * * LOW HITPOINT WARNING * * *
Your Maces & Flails skill increases to level 3!
The gnoll hits you with a +0 whip.
* * * LOW HITPOINT WARNING * * *
The bullfrog zombie closely misses you.
As you read the scroll of fear, it crumbles to dust.
You assume a fearsome visage.
The bullfrog zombie is unaffected.
The orc looks frightened!
The gnoll looks frightened! x2
The bullfrog zombie hits you.
* * * LOW HITPOINT WARNING * * *
The gnoll barely misses you. The bullfrog zombie hits you.
You die...

....$. ...... .....
####### .... .......
..##### ..... #.....#
... #....(#
.#.#.#.#####.....#####
.......@.o)g...?(.....
.#.##..Z.###.....#####
.......gg......(...
#.#..<#.###########..
# ##..#.# #..#.#
.#.... .......


You could see 3 gnolls, an orc (fleeing) and a bullfrog zombie.

Vanquished Creatures
  A howler monkey (D:4)
  A centaur zombie (D:4)
  2 orc wizards (D:5)
  A gnoll (D:5)
  2 adders
  2 worms
  3 dart slugs
  4 orcs (D:3)
  12 endoplasms
  2 giant cockroaches (D:1)
  7 goblins
  7 hobgoblins
  12 jackals
  3 quokkas
  7 ball pythons
  8 bats
  5 frilled lizards
  8 kobolds
  7 rats
94 creatures vanquished.

Notes
Turn   | Place    | Note
-------+----------+-------------------------------------------
     0 | D:1      | Delamore the Octopode Brigand began the quest for the Orb.
     0 | D:1      | Reached XP level 1. HP: 14/14 MP: 1/1
    46 | D:1      | Reached XP level 2. HP: 18/19 MP: 2/2
   414 | D:1      | Reached XP level 3. HP: 24/24 MP: 3/3
  1390 | D:2      | Reached XP level 4. HP: 15/29 MP: 4/4
  2024 | D:2      | Found a faded altar of an unknown god.
  2176 | D:3      | Reached skill level 1 in Maces & Flails
  2607 | D:3      | Identified a scroll of acquirement
  2622 | D:3      | Reached XP level 5. HP: 35/35 MP: 5/5
  2627 | D:3      | Acquired the ring "Nelee" {rC+ SInv}
  3897 | D:5      | Entered Level 5 of the Dungeon
  3907 | D:5      | Reached XP level 6. HP: 21/40 MP: 6/6
  3913 | D:5      | Slain by a bullfrog zombie

Illustrated notes

Levels and vault maps discovered:
D:1:      dpeg_arrival_radiant, layout_loops_corners
D:2:      layout_basic, basic_ecumenical_altar
D:3:      layout_basic, serial_curves, eino_curves_04, eino_curves_04
D:4:      layout_loops_ring
D:5:      layout_basic

Skill      XL: |  1  2  3  4  5  6 |
---------------+-------------------+-----
Short Blades   | 3 |  3.1
Throwing       | 3 4 |  4.3
Maces & Flails | 1 2 3 |  3.0
Fighting       | |  2.3
Dodging        | |  1.5
Stealth        | |  5.3

Action                   |  1- 3 |  4- 6 || total
-------------------------+-------+-------++-------
Melee: Dagger            |    30 |       ||    30
       Constrict         |    15 |    22 ||    37
       Tentacles         |     9 |     9 ||    18
       Hand axe          |    29 |     5 ||    34
       Mace              |       |    93 ||    93
Throw: Javelin           |       |     4 ||     4
  Use: Scroll            |       |     9 ||     9
 Stab: Sleeping          |    21 |    15 ||    36
Armor: Skin              |     6 |    27 ||    33
Dodge: Dodged            |    22 |    71 ||    93
